Map: Oxide LE

Players

Dream - Winner!

  • Race: Terran Terran

Reynor

  • Race: Zerg Zerg

Event: DreamHack SC2 Masters 2021 Summer

VOD

Have the link to the VOD?

Description

Time

  • Played on: July 3, 2021, 2:18 p.m.
  • Length: 9:44

All games in this series

Show
View Real Time Build Order
Export as new Build Order

Dream Terran - Winner!

Build Orders: Hellion Opening, Reaper Expand 

Get SALT Encoding   

  12  0:00  SCV  
  13  0:12  SCV  
  14  0:16  Supply Depot  
  14  0:24  SCV  
  15  0:38  SCV  
  15  0:39  Barracks  
  16  0:43  Refinery  
  16  0:50  SCV  
  17  1:02  SCV  
  18  1:14  SCV  
  19  1:26  Reaper  
  19  1:27  Orbital Command  
  20  1:38  Command Center  
  20  1:49  Supply Depot  
  20  1:52  SCV  
  21  1:58  Marine  
  22  2:03  Factory  
  22  2:05  SCV  
  23  2:17  SCV, Refinery  
  23  2:21  Barracks Reactor  
  24  2:29  SCV  
  25  2:42  SCV  
  26  2:51  Orbital Command  
  26  2:52  Starport  
  26  2:54  SCV  
  27  3:01  Hellion  
  27  3:03  Hellion  
  31  3:06  SCV  
  31  3:10  Barracks Tech Lab  
  32  3:18  SCV x2  
  34  3:23  Hellion  
  34  3:24  Hellion  
  38  3:29  Viking  
  38  3:30  SCV x2, Supply Depot  
  38  3:33  Stimpack  
  42  3:41  Marine  
  42  3:42  SCV  
  42  3:43  SCV  
  45  3:52  Hellion x2  
  45  3:54  SCV  
  45  3:55  SCV, Supply Depot  
  51  3:59  Marine  
  52  4:08  Starport Reactor  
  52  4:09  Barracks  
  52  4:10  Barracks  
  52  4:12  SCV  
  52  4:14  SCV  
  54  4:17  Marine  
  52  4:25  SCV  
  52  4:26  Factory Tech Lab  
  47  4:32  SCV  
  47  4:35  Marine, Supply Depot  
  47  4:36  Refinery, Engineering Bay  
  47  4:37  SCV  
  50  4:44  SCV  
  51  4:46  Siege Tank  
  51  4:49  SCV  
  55  4:52  Marine  
  55  4:54  Starport Reactor  
  55  4:58  Supply Depot  
  56  5:01  SCV x2, Barracks  
  56  5:02  Barracks  
  56  5:07  Marine x2  
  58  5:10  Marine x2  
  58  5:12  Marine  
  58  5:13  Combat Shield  
  63  5:18  Terran Infantry Weapons Level 1, Refinery  
  63  5:21  Supply Depot  
  63  5:24  Marine  
  63  5:25  Marine  
  63  5:28  Marine  
  66  5:29  Siege Tank  
  66  5:33  Marine x2  
  66  5:34  Supply Depot  
  66  5:35  Medivac  
  73  5:37  Medivac  
  73  5:42  Marine  
  75  5:46  SCV, Supply Depot  
  75  5:47  SCV  
  75  5:49  Marine x4  
  82  5:53  Marine  
  83  6:01  Marine x2, Supply Depot  
  83  6:03  Siege Tank  
  88  6:07  Medivac  
  90  6:13  Medivac  
  90  6:14  Marine x2  
  90  6:16  Marine x2  
  96  6:18  Marine, Supply Depot  
  96  6:19  Marine  
  96  6:20  Marine  
  99  6:32  Marine x2  
  99  6:33  Marine  
  99  6:36  Marine x2, Liberator  
  99  6:37  Marine  
  99  6:39  Marine  
  108  6:49  Liberator  
  108  6:50  Marine x2  
  108  6:51  Marine  
  108  6:52  Siege Tank  
  108  6:54  Marine  
  118  7:02  Supply Depot  
  118  7:07  Supply Depot  
  118  7:19  Marine x2  
  118  7:20  Marine  
  118  7:23  Marine x4, Liberator  
  125  7:31  Siege Tank  
  125  7:32  Liberator  
  125  7:35  Orbital Command  
  122  7:37  Marine x2  
  122  7:38  Marine  
  122  7:40  SCV  
  122  7:41  Marine x4  
  102  7:53  SCV  
  100  8:02  Supply Depot  
  100  8:14  Marine  
  100  8:16  Marine x3  
  100  8:17  Marine x3  
  107  8:34  Marine  
  107  8:35  Marine x4  
  107  8:37  Marine  
  92  8:49  Marine  
  92  8:52  Marine x2  
  92  8:53  Marine  
  85  9:01  Marine x3  
  88  9:12  Marine x3  
  88  9:14  Marine  
  84  9:29  SCV x2  
Show
View Real Time Build Order
Export as new Build Order

Reynor Zerg 

Build Orders: Hatch First 

Get SALT Encoding   

  12  0:00  Drone  
  13  0:13  Overlord  
  13  0:17  Drone  
  14  0:31  Drone x2  
  16  0:49  Hatchery  
  15  0:52  Drone  
  15  0:55  Drone  
  17  0:59  Drone  
  18  1:09  Extractor  
  17  1:14  Spawning Pool  
  17  1:17  Drone  
  17  1:21  Drone  
  18  1:28  Drone  
  19  1:39  Drone  
  20  1:49  Overlord  
  20  2:01  Queen x2  
  20  2:02  Zergling x4  
  26  2:12  Drone x2  
  26  2:14  Metabolic Boost  
  28  2:24  Drone x2  
  29  2:30  Spore Crawler  
  29  2:35  Drone x2  
  29  2:37  Queen  
  31  2:44  Overlord  
  33  2:45  Drone  
  34  2:51  Pneumatized Carapace  
  34  2:54  Drone  
  34  2:55  Drone  
  36  3:10  Hatchery  
  35  3:13  Drone  
  35  3:15  Drone x2  
  35  3:18  Drone  
  39  3:20  Drone  
  39  3:27  Queen  
  40  3:29  Overlord  
  40  3:32  Drone  
  40  3:33  Drone  
  44  3:41  Overlord  
  46  3:48  Drone x5  
  46  3:49  Drone x2  
  51  3:57  Baneling Nest  
  51  3:58  Queen  
  51  3:59  Drone  
  53  4:03  Overlord  
  53  4:07  Queen  
  55  4:15  Overlord  
  53  4:23  Zergling x6  
  53  4:24  Zergling x4  
  53  4:28  Drone  
  53  4:30  Drone  
  54  4:32  Drone  
  54  4:35  Drone  
  56  4:41  Drone  
  56  4:43  Drone x2  
  59  4:46  Drone x2  
  59  4:47  Drone  
  59  4:51  Baneling x2  
  59  4:52  Baneling  
  62  4:55  Drone x2  
  62  4:56  Spore Crawler  
  63  5:01  Lair  
  63  5:05  Drone x3  
  66  5:10  Drone x3  
  66  5:12  Overlord  
  69  5:21  Overlord  
  69  5:22  Extractor  
  69  5:25  Evolution Chamber  
  67  5:28  Overlord  
  67  5:30  Extractor  
  67  5:31  Drone x2  
  67  5:32  Drone  
  67  5:33  Drone x2  
  71  5:35  Zergling x2  
  71  5:36  Zergling x4  
  71  5:39  Overlord  
  71  5:41  Zergling x4  
  76  5:44  Zergling x6  
  76  5:47  Zergling x8  
  83  5:51  Zergling x2  
  83  5:53  Zerg Ground Armor Level 1  
  83  5:54  Zergling x2  
  85  5:57  Zergling x2  
  85  6:01  Zergling x2  
  87  6:11  Zergling x10  
  91  6:14  Centrifical Hooks  
  91  6:16  Hatchery, Overlord  
  91  6:26  Overlord  
  91  6:28  Zergling x8  
  91  6:29  Zergling x6  
  91  6:32  Overlord  
  97  6:36  Baneling x7  
  97  6:38  Zergling x8  
  101  6:40  Baneling  
  101  6:41  Zergling x6  
  101  6:45  Zergling x4  
  106  6:51  Queen  
  106  6:53  Baneling  
  106  6:54  Baneling x4  
  108  6:55  Zergling x6  
  111  7:01  Overlord  
  111  7:02  Zergling x6  
  111  7:07  Zergling x2  
  113  7:10  Zergling x4  
  113  7:14  Overlord  
  115  7:17  Zergling x4  
  115  7:18  Zergling x2  
  113  7:26  Zergling x6  
  113  7:27  Baneling x8  
  113  7:28  Zergling x2  
  113  7:29  Zergling x4  
  109  7:36  Zergling x2  
  109  7:37  Baneling, Zergling x4  
  100  7:38  Baneling x4  
  100  7:42  Queen x2  
  100  7:44  Zergling x2  
  100  7:49  Zergling x2  
  92  7:59  Zergling x4  
  92  8:02  Queen  
  92  8:03  Zergling x6  
  92  8:07  Zergling x2  
  92  8:11  Zergling x12  
  92  8:12  Zergling x2  
  100  8:15  Baneling x7  
  100  8:16  Zergling x2  
  100  8:17  Queen x2  
  103  8:20  Zergling x2  
  103  8:25  Zergling x4  
  104  8:32  Zergling x2  
  104  8:37  Queen  
  104  8:38  Zergling x4  
  105  8:42  Zergling x2  
  84  8:48  Zergling x8  
  84  8:52  Zergling x2  
  84  8:53  Queen x2  
  77  8:57  Zergling x2  
  77  9:01  Baneling x5  
  75  9:04  Zergling x4  
  75  9:05  Zergling x2  
  75  9:06  Zergling x4  
  77  9:10  Zergling x4  
  79  9:23  Zergling x16  
Tags
 
Add a new tag
Caveats
  • Supply blocks, unpowered buildings, or Contaminate may cause inaccurate times.
  • Supply counts are checked every 10 seconds.